 Dungeon Crawl Stone Soup version 0.29-a0-322-g68df515428 (webtiles) character file.

Game seed: 15528333589399093372

117273 knvklrw the Unseen (level 16, 0/84 HPs)
             Began as a Spriggan Enchanter on Apr 6, 2022.
             Was the Champion of Dithmenos.
             Slain by an anaconda (25 damage)
             ... on level 2 of the Snake Pit on Apr 7, 2022.
             The game lasted 01:54:29 (35646 turns).

knvklrw the Unseen (Spriggan Enchanter)            Turns: 35646, Time: 01:54:30

Health: 0/84       AC: 10    Str:  8    XL:     16   Next: 22%
Magic:  23/36      EV: 26    Int: 17    God:    Dithmenos [******]
Gold:   2696       SH:  0    Dex: 19    Spells: 17/46 levels left

rFire   . . .      SeeInvis +   G - +9 dagger (elec)
rCold   . . .      Faith    .   t - orb {guile}
rNeg    . . .      Spirit   .   C - +1 steam dragon scales
rPois   .          Reflect  .   (helmet restricted)
rElec   .          Harm     .   j - scarf {repulsion}
rCorr   .          Rampage  .   (gloves unavailable)
Will    .....      Archmagi +   (boots unavailable) Stlth ****++++++
                                K - amulet of magic regeneration
HPRegen 0.24/turn               a - ring of the Mage {Wiz Archmagi}
MPRegen 0.65/turn               H - +4 ring of protection

@: lethally poisoned (0 -> -5), marked, wreathed by umbra, constricted, repel
missiles, very quick
A: very small, no large weapons, unfitting armour, see invisible, speed 3,
antennae 1, fangs 1, MP-powered wands
a: Renounce Religion, Shadow Step, Shadow Form


You were on level 2 of the Snake Pit.
You worshipped Dithmenos.
Dithmenos was exalted by your worship.
You visited 5 branches of the dungeon, and saw 26 of its levels.
You visited the Abyss 2 times.
You also visited: Ossuary and Gauntlet.

You collected 3893 gold pieces.
You spent 1197 gold pieces at shops.

Inventory:

Hand Weapons
 y - a +5 dagger
 G - a +9 dagger of electrocution (weapon)
Missiles
 b - 6 curare-tipped darts
 u - 4 atropa-tipped darts (quivered)
 B - 26 poisoned darts
Armour
 j - a scarf of repulsion (worn)
 t - an orb of guile (worn)
 C - +1 steam dragon scales (worn)
Jewellery
 a - the ring of the Mage (left hand) {Wiz Archmagi}
   (You bought it in a shop on level 2 of the Orcish Mines)

   [ring of wizardry]

   It improves your spell success rate.
   Archmagi:  It increases the power of your magical spells.
 g - the ring of Emufewne {rF+ Str+6 Stlth+}
   (You found it in a Gauntlet)

   [ring of protection from fire]

   Str:       It affects your strength (+6).
   rF:        It protects you from fire.
   Stlth:     It makes you more stealthy.
 A - a ring of poison resistance
 H - a +4 ring of protection (right hand)
 I - a +4 ring of evasion
 K - an amulet of magic regeneration (around neck)
 O - a ring of ice
 S - the brooch of Shielding {Spirit SH+8}
   (You took it off an ogre mage on level 14 of the Dungeon)

   [amulet of guardian spirit]

   It causes incoming damage to be divided between your reserves of health and
   magic.
   SH:        It affects your SH (+8).
 T - a +4 ring of evasion
Wands
 f - a wand of charming (8)
 s - a wand of paralysis (19)
 v - a wand of digging (12)
 w - a wand of mindburst (6)
 x - a wand of polymorph (4)
 F - a wand of flame (27)
 Q - a wand of iceblast (10)
Scrolls
 c - a scroll of enchant weapon
 h - 3 scrolls of magic mapping
 m - 3 scrolls of fear
 p - 3 scrolls of teleportation
 D - 3 scrolls of amnesia
 E - 2 scrolls of blinking
 J - 5 scrolls of fog
 L - 13 scrolls of identify
 N - 3 scrolls of holy word
 U - 2 scrolls of summoning
Potions
 d - 2 potions of cancellation
 e - 17 potions of curing
 i - 3 potions of flight
 k - 2 potions of haste
 l - a potion of berserk rage
 n - 3 potions of resistance
 o - 4 potions of lignification
 q - 3 potions of brilliance
 z - 4 potions of magic
 P - 2 potions of heal wounds
 R - a potion of might
Miscellaneous
 r - a phantom mirror


   Skills:
 + Level 9.3 Fighting
 + Level 12.0 Short Blades
 + Level 14.4 Dodging
 + Level 19.5 Stealth
 + Level 15.8 Spellcasting
 * Level 17.6 Hexes


You had 17 spell levels left.
You knew the following spells:

 Your Spells              Type           Power      Damage    Failure   Level
a - Ensorcelled Hibernat  Hex/Ice        100%       N/A       1%          2
b - Tukima's Dance        Hex            83%        N/A       0%          3
c - Dazzling Flash        Conj/Hex       100%       N/A       1%          3
d - Confusing Touch       Hex            83%        N/A       0%          3
e - Stone Arrow           Conj/Erth      40%        3d9       6%          3
f - Enfeeble              Hex            41%        N/A       1%          7
g - Discord               Hex            41%        N/A       9%          8

Your spell library contained the following spells:

 Spells                   Type           Power      Damage    Failure   Level
 Pain                     Necr           80%        1d8       1%          1
 Portal Projectile        Hex/Tloc       100%       N/A       1%          3
 Anguish                  Hex/Necr       30%        N/A       1%          4
 Silence                  Hex/Air        30%        N/A       1%          5
 Corpse Rot               Necr/Air       40%        N/A       2%          2
 Passwall                 Tmut/Erth      16%        N/A       2%          2
 Static Discharge         Conj/Air       20%        N/A       2%          2
 Gell's Gravitas          Tloc           20%        N/A       6%          3
 Swiftness                Air            20%        N/A       6%          3
 Teleport Other           Tloc           20%        N/A       6%          3
 Airstrike                Air            10%        N/A       19%         4
 Animate Armour           Summ/Erth      40%        N/A       19%         4
 Dispel Undead            Necr           20%        3d11      19%         4
 Iskenderun's Mystic Bla  Conj/Tloc      20%        2d6       19%         4
 Summon Lightning Spire   Summ/Air       20%        N/A       19%         4
 Agony                    Necr           20%        N/A       45%         5
 Blade Hands              Tmut           10%        N/A       45%         5
 Excruciating Wounds      Necr           10%        N/A       45%         5
 Freezing Cloud           Conj/Ice/Air   10%        6-21      45%         5
 Iskenderun's Battlesphe  Conj           20%        2d7       45%         5
 Lightning Bolt           Conj/Air       10%        1d23      45%         5
 Summon Forest            Summ/Tloc      10%        N/A       45%         5
 Conjure Ball Lightning   Conj/Air       10%        3x3d6     94%         6
 Death Channel            Necr           10%        N/A       94%         6
 Dispersal                Tloc           10%        N/A       94%         6
 Eringya's Noxious Bog    Tmut/Pois      10%        N/A       94%         6
 Iron Shot                Conj/Erth      10%        9d3       94%         6
 Simulacrum               Ice/Necr       10%        N/A       94%         6
 Starburst                Conj/Fire      10%        6d5       94%         6
 Spellforged Servitor     Conj/Summ      10%        N/A       100%        7
 Storm Form               Tmut/Air       10%        N/A       100%        7
 Summon Hydra             Summ           10%        N/A       100%        7
 Disjunction              Tloc           10%        N/A       100%        8
 Maxwell's Capacitive Co  Air            10%        ∞         100%        8
 Polar Vortex             Ice            10%        N/A       100%        9


Dungeon Overview and Level Annotations

Branches:
Dungeon (15/15)            Temple (1/1) D:4            Lair (6/6) D:8
  Swamp (0/4) Lair:2        Snake (2/4) Lair:4        Slime (0/5) Lair:6
    Orc (2/2) D:12            Elf (0/3) Orc:2        Vaults (0/5) D:13
 Depths (0/4) D:15        Ossuary (visited)         Gauntlet (visited)

Altars:
Ashenzari
Cheibriados
Dithmenos
Elyvilon
Fedhas
Gozag
Hepliaklqana
Kikubaaqudgha
Makhleb
Nemelex Xobeh
Okawaru
Qazlal
Ru
Sif Muna
Trog
Uskayaw
Vehumet
Wu Jian
Xom
Yredelemnul
Zin
The Shining One
Lugonu

Shops:
D:12 [   Orc:2 ([=   Snake:1 ?:*

Portals:
Abyss: Lair:6

Annotations:
D:14 1 runed translucent door
Lair:2 3 runed translucent doors, Faer's ghost, journeyman DsGl
Snake:2 3 runed translucent doors, Qeschica's ghost, journeyman FeSu; Qojoc's ghost, adept GnHu; Recuihi's ghost, adept MiBe
Orc:2 2 transporters, Bapho's ghost, journeyman NaVM


Innate Abilities, Weirdness & Mutations

You are very small and have problems with some larger weapons.
You are too small for most types of armour.
You have supernaturally acute eyesight. (SInv)
You cover ground extremely quickly. (Speed+++)
You have a pair of small antennae on your head.
You have very sharp teeth.
You expend magic power (3 MP) to strengthen your wands.


Message History

The black mamba bites the black mamba!!!
The black mamba dies!
A guardian serpent comes into view.
An anaconda comes into view.
You feel sick.
You feel sick. Dithmenos accepts your kill.
You feel a bit more experienced.
You feel sick.
A shock serpent comes into view.
You feel sick. The anaconda completely misses you. The anaconda bites you.
A mana viper comes into view.
Casting: Ensorcelled Hibernation (safe; 1% risk of failure)
Confirm with . or Enter, or press ? or * to list all spells.
Aiming: Ensorcelled Hibernation (safe; 1% risk of failure)
Press: ? - help, Shift-Dir - straight line, f - anaconda
Aim: an anaconda (umbra, chance to affect: 84%)
You feel a surge of power!
The anaconda looks drowsy...
You feel sick.
Unknown command.
Casting: Ensorcelled Hibernation (safe; 1% risk of failure)
Confirm with . or Enter, or press ? or * to list all spells.
The spell is quite dangerous to miscast (9% risk of failure)!
Continue anyway?
Casting: Discord (quite dangerous; 9% risk of failure)
Press: ? - help, Dir - look around, f - activate You feel a surge of power!
The black mamba flies into a frenzy! x2
The guardian serpent flies into a frenzy!
The shock serpent resists with some effort.
The anaconda hisses angrily.
The anaconda flies into a frenzy!
You feel sick. The black mamba closely misses you. The anaconda grabs you.
The anaconda completely misses you. The anaconda constricts you.
The black mamba bites the black mamba!!
The guardian serpent shouts!
The black mamba bites you!! The anaconda barely misses you.
The anaconda constricts you.
* * * LOW HITPOINT WARNING * * *
An anaconda comes into view.
The black mamba closely misses the black mamba.
The anaconda bites you!!
You die...

.............##
####.......##......##
####..#..S...# #.......#
............####.>.....
........[....###...... ..#.##
#...##.... ..###.....
.......######.>##..# #...###....
...^......^..S#..# #.....###...
............SS@SS##.......###..
#..####S######.†.S...##......
#.$....##{{⌠{#.......##...†..
##....##8{...#..#.....##.....
##...#{{...W#........ #...[.
#....#{...WW+.......###.....
#.....#8.....+...............
N†..?..#(.....+..#............
#.......##[.....#..##...........


You could see an anaconda, a shock serpent, a mana viper, a neutral anaconda
(fast, strong, insane, distracted), a neutral guardian serpent (fast, strong,
insane, distracted) and 2 neutral black mambas.

Vanquished Creatures
  The ghost of Mandevil the Spry, an adept KoHu of Ashenzari (Snake:1)
  A dire elephant (shapeshifter) (D:14)
  A minotaur (Gauntlet)
  Josephine (Orc:2)
  A fire dragon (D:15)
  2 naga warriors (Snake:1)
  6 hydras
  2 ice dragons (D:15)
  6 boulder beetles
  A rakshasa (D:14)
  10 centaur warriors
  2 catoblepae
  An ogre mage (D:14)
  2 death knights
  2 dancing weapons (D:13)
  2 anacondas
  2 two-headed ogres
  Urug (D:11)
  A tengu warrior (D:15)
  3 thrashing horrors (Lair:6)
  Sonja (Lair:4)
  Nergalle (Lair:4)
  An orc high priest (Orc:2)
  2 fire crabs
  6 skeletal warriors (D:13)
  2 wizards (D:14)
  A phantasmal warrior (D:13)
  A wolf spider (D:14)
  A necromancer (Gauntlet)
  3 oklob plants (Lair:6)
  An orc knight (Orc:2)
  11 ugly things
  A lindwurm (Lair:4)
  4 salamanders (Snake:1)
  5 cyclopes
  3 deep elf pyromancers
  3 manticores
  4 orc sorcerers (Orc:2)
  A naga mage (Snake:1)
  10 black mambas
  22 elephants
  2 smoke demons (Lair:6)
  12 cane toads
  An unseen horror (shapeshifter) (Lair:6)
  A gargoyle (D:11)
  2 yaktaurs (D:14)
  An unseen horror (Abyss:3)
  A torpor snail (Lair:4)
  2 kobold demonologists (D:9)
  A freezing wraith (D:14)
  7 rime drakes
  8 komodo dragons
  An ancient zyme (Lair:6)
  4 trolls
  A tengu conjurer (D:14)
  A meliai (D:14)
  2 raiju (Abyss:2)
  4 slime creatures
  A hornet (D:14)
  23 blink frogs
  Grinder (D:4)
  A snapping turtle (shapeshifter) (D:14)
  21 dream sheep
  A culicivora (shapeshifter) (Lair:6)
  A ynoxinul (Lair:6)
  A shadow (D:10)
  Grum (D:8)
  A centaur simulacrum (D:14)
  71 yaks
  7 wraiths
  3 fire bats (Gauntlet)
  10 wyverns
  A chaos spawn (Lair:6)
  14 basilisks
  4 steam dragons
  5 vampire mosquitoes (D:13)
  4 wargs
  Menkaure (D:7)
  9 nagas
  2 acid dragons (D:10)
  4 large abominations
  A swamp worm (Lair:2)
  2 hell hounds
  13 water moccasins
  14 orc warriors
  3 sky beasts
  2 black bears
  12 wolves
  A boggart (D:14)
  13 centaurs
  4 ogres
  An ogre (shapeshifter) (D:15)
  4 kobold brigands
  8 bullfrogs
  A gnoll sergeant (D:8)
  3 necrophages
  7 scorpions
  6 wights
  A hornet simulacrum (D:14)
  9 small abominations
  An electric eel (Lair:2)
  A howler monkey (D:11)
  A crimson imp (Abyss:3)
  A centaur zombie (Ossuary)
  A quasit (Abyss:2)
  A hound (D:3)
  A jelly (D:7)
  A human zombie (Ossuary)
  23 orc priests
  Natasha (twice) (D:2)
  Terence (D:2)
  8 iguanas
  28 orc wizards
  11 hell rats
  3 mummies (Ossuary)
  5 gnolls
  7 adders
  A shadow imp (D:6)
  2 white imps (D:7)
  An ufetubus (D:6)
  4 worms
  A dart slug (D:1)
  56 orcs
  3 ball pythons
  5 endoplasms
  2 giant cockroaches
  2 gnoll zombies (Ossuary)
  10 goblins
  4 hobgoblins
  6 jackals
  3 quokkas
  7 bats
  2 goblin zombies (Ossuary)
  22 kobolds
  A kobold zombie (Ossuary)
  An orc zombie (Ossuary)
  9 rats
713 creatures vanquished.

Vanquished Creatures (collateral kills)
  2 naga warriors
  A bog body (Lair:2)
  2 guardian serpents
  A naga mage (Snake:1)
  Maggie (D:6)
  Sigmund (D:6)
  Edmund (D:6)
  5 nagas
  4 orc warriors
  An ogre (Orc:1)
  A kobold brigand (D:8)
  6 wights
  2 orc priests
  An orc wizard (Orc:1)
  A gnoll (D:8)
  12 orcs
  4 kobolds
46 creatures vanquished.

Vanquished Creatures (others)
  A black mamba (Snake:2)
  A naga (Snake:1)
  14 dancing weapons
  39 fungi
  42 plants
  7 starspawn tentacles (Abyss:3)
  2 withered plants (Snake:2)
106 creatures vanquished.

Grand Total: 865 creatures vanquished

Notes
Turn   | Place    | Note
-------+----------+-------------------------------------------
     0 | D:1      | knvklrw the Spriggan Enchanter began the quest for the Orb.
     0 | D:1      | Reached XP level 1. HP: 9/9 MP: 5/5
   472 | D:1      | Reached XP level 2. HP: 13/13 MP: 7/7
   475 | D:1      | Learned a level 2 spell: Ensorcelled Hibernation
  1599 | D:2      | Reached XP level 3. HP: 5/16 MP: 1/9
  1930 | D:2      | Identified the +11 spear "Nuloim" {pain, rN+ Dex-3 Stlth+}
  2536 | D:2      | Noticed Terence
  2542 | D:2      | Learned a level 3 spell: Tukima's Dance
  2546 | D:2      | Learned a level 3 spell: Confusing Touch
  2561 | D:2      | Killed Terence
  2562 | D:2      | Reached XP level 4. HP: 14/21 MP: 3/11
  2672 | D:2      | Noticed Natasha
  2679 | D:2      | Killed Natasha
  2680 | D:2      | Reached skill level 5 in Hexes
  3472 | D:2      | Noticed Natasha
  3487 | D:2      | Killed Natasha
  3894 | D:3      | Reached XP level 5. HP: 15/24 MP: 10/13
  4049 | D:3      | Gained mutation: You have sharp toenails. [potion of
                  | mutation]
  4070 | D:3      | Found a faded altar of an unknown god.
  4176 | D:3      | Reached skill level 5 in Spellcasting
  5025 | D:4      | Found a snail-covered altar of Cheibriados.
  5042 | D:4      | Found a blossoming altar of Fedhas.
  5074 | D:4      | Found a staircase to the Ecumenical Temple.
  5084 | D:4      | Noticed Grinder
  5171 | D:4      | Found a sand-covered staircase.
  5179 | Ossuary  | Entered an ossuary
  5225 | Ossuary  | Reached skill level 5 in Stealth
  5505 | Ossuary  | Reached XP level 6. HP: 27/28 MP: 11/15
  5947 | D:4      | Reached skill level 6 in Stealth
  6010 | D:4      | Found an iron altar of Okawaru.
  6032 | D:4      | Killed Grinder
  6033 | D:4      | Reached XP level 7. HP: 18/32 MP: 13/17
  6191 | Temple   | Entered the Ecumenical Temple
  6239 | Temple   | Became a worshipper of Dithmenos the Shadowed
  6344 | D:5      | Entered Level 5 of the Dungeon
  6441 | D:5      | Reached skill level 7 in Stealth
  6680 | D:5      | Learned a level 3 spell: Dazzling Flash
  6770 | D:4      | Found a shimmering blue altar of Sif Muna.
  7220 | D:5      | Found a bloodstained altar of Trog.
  7223 | D:5      | Reached skill level 8 in Stealth
  7227 | D:5      | Reached XP level 8. HP: 35/36 MP: 17/20
  7230 | D:5      | Reached * piety under Dithmenos
  7230 | D:5      | HP: 1/36 [centaur (1)]
  7812 | D:5      | HP: 1/36 [iguana (14)]
  7823 | D:5      | Reached skill level 9 in Stealth
  8545 | D:6      | Noticed Edmund
  8546 | D:6      | Noticed Sigmund
  8558 | D:6      | Killed Sigmund
  8564 | D:6      | Killed Edmund
  8661 | D:6      | Reached skill level 10 in Stealth
  8684 | D:6      | Lost mutation: You have sharp toenails. [potion of
                  | mutation]
  8684 | D:6      | Gained mutation: You expend magic power (3 MP) to
                  | strengthen your wands. [potion of mutation]
  8685 | D:6      | Lost mutation: You expend magic power (3 MP) to strengthen
                  | your wands. [potion of mutation]
  8685 | D:6      | Gained mutation: Armour fits poorly on your strangely
                  | shaped body. [potion of mutation]
  8824 | D:6      | Lost mutation: Armour fits poorly on your strangely shaped
                  | body. [potion of mutation]
  8824 | D:6      | Gained mutation: You sometimes lose the ability to read
                  | scrolls when taking damage. [potion of mutation]
  8824 | D:6      | Gained mutation: You are strong-willed. (Will+) [potion of
                  | mutation]
  8978 | D:6      | Noticed Maggie
  8983 | D:6      | Noticed a two-headed ogre
  8986 | D:6      | Killed Maggie
  8987 | D:6      | Reached XP level 9. HP: 29/39 MP: 13/23
  8991 | D:6      | HP: 1/39 [two-headed ogre/+0 giant club (29)]
  9697 | D:5      | Reached skill level 11 in Stealth
  9929 | D:6      | Found an opulent altar of Gozag.
 10273 | D:6      | Found a bloodstained altar of Trog.
 10416 | D:7      | Reached skill level 10 in Hexes
 10613 | D:6      | Killed a two-headed ogre
 10614 | D:6      | Reached skill level 1 in Fighting
 10706 | D:7      | Found an ancient bone altar of Kikubaaqudgha.
 10716 | D:7      | Noticed Menkaure
 10722 | D:7      | Killed Menkaure
 10723 | D:7      | Reached skill level 12 in Stealth
 10723 | D:7      | Reached skill level 10 in Spellcasting
 10766 | D:7      | You fall into a shaft and drop 3 floors!
 10766 | D:10     | Entered Level 10 of the Dungeon
 11030 | D:9      | Found a sacrificial altar of Ru.
 11321 | D:7      | Reached XP level 10. HP: 46/46 MP: 25/25
 11378 | D:7      | Found an ornate altar of the Wu Jian Council.
 11432 | D:7      | Reached ** piety under Dithmenos
 12549 | D:8      | Found a broken altar of Ashenzari.
 12580 | D:8      | Reached skill level 5 in Dodging
 12640 | D:8      | Found a staircase to the Lair.
 12784 | D:8      | Found a stormy altar of Qazlal.
 12913 | D:8      | Noticed Grum
 12929 | D:8      | Reached *** piety under Dithmenos
 12932 | D:8      | Killed Grum
 13510 | D:9      | Noticed a two-headed ogre
 13678 | D:9      | Killed a two-headed ogre
 13679 | D:9      | Reached skill level 13 in Stealth
 14423 | D:9      | Reached skill level 5 in Short Blades
 14430 | D:9      | Reached XP level 11. HP: 52/52 MP: 25/27
 14468 | D:10     | Noticed a sun demon
 14748 | D:10     | Found a white marble altar of Elyvilon.
 14763 | D:10     | Found a burning altar of Makhleb.
 14903 | D:10     | Reached **** piety under Dithmenos
 15380 | D:11     | Noticed a six-headed hydra
 15381 | D:11     | Noticed Urug
 15387 | D:11     | Killed a six-headed hydra
 15393 | D:11     | Killed Urug
 15992 | D:12     | Reached skill level 14 in Stealth
 16076 | D:12     | Noticed a deep elf pyromancer
 16115 | D:12     | Killed a deep elf pyromancer
 16319 | D:12     | Found a staircase to the Orcish Mines.
 16394 | D:12     | Found a snail-covered altar of Cheibriados.
 16394 | D:12     | Found Cheibriados's Comfort Zone.
 16435 | D:12     | Noticed a deep elf pyromancer
 16440 | D:12     | Killed a deep elf pyromancer
 16655 | D:13     | Noticed a skeletal warrior
 16655 | D:13     | Noticed a skeletal warrior
 16655 | D:13     | Noticed a skeletal warrior
 16655 | D:13     | Noticed a skeletal warrior
 16655 | D:13     | Noticed a skeletal warrior
 16683 | D:13     | Noticed a cyan ugly thing
 16685 | D:13     | Killed a cyan ugly thing
 16742 | D:13     | Noticed a centaur warrior
 16749 | D:13     | Killed a centaur warrior
 17020 | D:13     | Lost mutation: You are strong-willed. (Will+) [potion of
                  | mutation]
 17020 | D:13     | Lost mutation: You sometimes lose the ability to read
                  | scrolls when taking damage. [potion of mutation]
 17020 | D:13     | Gained mutation: Armour fits poorly on your strangely
                  | shaped body. [potion of mutation]
 17020 | D:13     | Gained mutation: You have an increased reservoir of magic.
                  | (+10% MP) [potion of mutation]
 17135 | D:13     | Found a gate to the Vaults.
 17135 | D:13     | Noticed a +5 long sword
 17135 | D:13     | Noticed a +5 long sword
 17137 | D:13     | Killed a +5 long sword
 17140 | D:13     | Killed a +5 long sword
 17141 | D:13     | Reached skill level 5 in Fighting
 17141 | D:13     | Reached XP level 12. HP: 60/60 MP: 31/31
 17328 | D:13     | Noticed a centaur warrior
 17342 | D:13     | Killed a centaur warrior
 17479 | D:13     | Noticed a death knight
 17481 | D:13     | Killed a death knight
 17483 | D:13     | Reached skill level 15 in Stealth
 17665 | D:13     | Reached ***** piety under Dithmenos
 18318 | D:14     | Found a runed translucent door.
 18318 | D:14     | Noticed a five-headed hydra
 18320 | D:14     | Found a runed translucent door.
 18320 | D:14     | Noticed a centaur warrior
 18334 | D:14     | Found a runed translucent door.
 18459 | D:14     | Cast into level 3 of the Abyss (a wizard)
 18959 | Abyss:3  | Noticed a tentacled starspawn
 19077 | Abyss:3  | Noticed a cacodemon
 19081 | Abyss:3  | Noticed a tentacled starspawn
 19106 | Abyss:3  | Noticed a tentacled starspawn
 19149 | Abyss:3  | Found a corrupted altar of Lugonu.
 19323 | Abyss:3  | Found a corrupted altar of Lugonu.
 19392 | Abyss:3  | Noticed a tentacled starspawn
 19447 | D:14     | Escaped the Abyss
 19447 | D:14     | Noticed a boulder beetle
 19512 | D:14     | Noticed a rakshasa
 19520 | D:15     | Entered Level 15 of the Dungeon
 19528 | D:15     | Found a gate leading to a gauntlet.
 19586 | Gauntlet | Entered a Gauntlet
 19586 | Gauntlet | Found a transporter.
 19586 | Gauntlet | Found a large runed translucent door.
 19586 | Gauntlet | Found a large runed translucent door.
 19586 | Gauntlet | Found a large runed translucent door.
 19586 | Gauntlet | Found a large runed translucent door.
 19586 | Gauntlet | Found a runed translucent door.
 19586 | Gauntlet | Found a runed translucent door.
 19586 | Gauntlet | Found a large runed translucent door.
 19586 | Gauntlet | Found a large runed translucent door.
 19586 | Gauntlet | Found a large runed translucent door.
 19586 | Gauntlet | Found a large runed translucent door.
 19586 | Gauntlet | Found a large runed translucent door.
 19586 | Gauntlet | Found a large runed translucent door.
 19618 | Gauntlet | Found a large runed translucent door.
 19618 | Gauntlet | Found a large runed translucent door.
 19630 | Gauntlet | Found a transporter.
 19641 | Gauntlet | Found a transporter.
 19646 | Gauntlet | Found a transporter.
 19666 | Gauntlet | Found a transporter.
 19680 | Gauntlet | Found a transporter.
 19682 | Gauntlet | Noticed a reaper
 19692 | Gauntlet | Found a transporter.
 19700 | Gauntlet | Noticed a catoblepas
 19704 | Gauntlet | Found a transporter.
 19710 | Gauntlet | Found a transporter.
 19724 | Gauntlet | Noticed a blizzard demon
 19725 | Gauntlet | Found a transporter.
 19726 | Gauntlet | Found the +10 Black Knight's barding {ponderous, rPois rN+}
 19731 | Gauntlet | Found a transporter.
 19746 | Gauntlet | Found a transporter.
 19750 | Gauntlet | Noticed an anaconda
 19759 | Gauntlet | Noticed a broodmother
 19759 | Gauntlet | an anaconda changed into a broodmother
 19768 | Gauntlet | Noticed an ettin
 19768 | Gauntlet | a broodmother changed into an ettin
 19769 | Gauntlet | Noticed an entropy weaver
 19769 | Gauntlet | an ettin changed into an entropy weaver
 19771 | Gauntlet | Noticed a boulder beetle
 19771 | Gauntlet | an entropy weaver changed into a boulder beetle
 19774 | Gauntlet | Noticed a jorogumo
 19774 | Gauntlet | a boulder beetle changed into a jorogumo
 19781 | Gauntlet | Found a transporter.
 19783 | Gauntlet | Noticed an anaconda
 19783 | Gauntlet | a jorogumo changed into an anaconda
 19799 | Gauntlet | Found a transporter.
 19801 | Gauntlet | Found a transporter.
 19819 | Gauntlet | Found a large runed translucent door.
 19820 | Gauntlet | Found a large runed translucent door.
 19824 | Gauntlet | Found a runed translucent gate.
 19824 | Gauntlet | Found a runed translucent gate.
 19824 | Gauntlet | Found a runed translucent gate.
 19826 | Gauntlet | Found a transporter.
 19828 | Gauntlet | Found a transporter.
 19834 | Gauntlet | Found a large runed translucent door.
 19835 | Gauntlet | Found a large runed translucent door.
 19848 | Gauntlet | Found a transporter.
 19924 | Gauntlet | Noticed a great orb of eyes
 20077 | Gauntlet | Reached skill level 10 in Dodging
 20094 | Gauntlet | Identified a scroll of acquirement
 20094 | Gauntlet | Acquired 1037 gold pieces
 20317 | Gauntlet | Identified the ring of Emufewne {rF+ Str+6 Stlth+}
 20333 | Gauntlet | Noticed a minotaur
 20340 | Gauntlet | Killed a minotaur
 20376 | D:15     | Noticed a death knight
 20381 | D:15     | Killed a death knight
 20414 | D:14     | Noticed a centaur warrior
 20415 | D:14     | Noticed a boulder beetle
 20420 | D:14     | Killed a centaur warrior
 20421 | D:14     | Reached XP level 13. HP: 61/65 MP: 29/33
 20429 | D:15     | Noticed a fire dragon
 20451 | D:15     | Reached skill level 16 in Stealth
 20470 | D:15     | Killed a fire dragon
 21173 | D:14     | Cast into level 2 of the Abyss (a wizard)
 21804 | Abyss:3  | Identified the +2 tower shield of the Flute {-Cast rN+
                  | Int-2 Slay+5}
 21804 | Abyss:3  | Noticed a daeva
 21805 | Abyss:3  | Noticed a bone dragon
 21823 | D:14     | Escaped the Abyss
 22930 | Lair:1   | Entered Level 1 of the Lair of Beasts
 23276 | Lair:1   | Lost mutation: You have an increased reservoir of magic.
                  | (+10% MP) [potion of mutation]
 23276 | Lair:1   | Lost mutation: Armour fits poorly on your strangely shaped
                  | body. [potion of mutation]
 23276 | Lair:1   | Gained mutation: Your flesh is cold resistant. (rC+)
                  | [potion of mutation]
 23276 | Lair:1   | Gained mutation: You sometimes lose the ability to read
                  | scrolls when taking damage. [potion of mutation]
 23276 | Lair:1   | Gained mutation: You expend magic power (3 MP) to
                  | strengthen your wands. [potion of mutation]
 23350 | Lair:1   | Reached skill level 17 in Stealth
 24163 | Lair:2   | Found a staircase to the Swamp.
 24335 | Lair:2   | Found a runed translucent gate.
 24336 | Lair:2   | Found a runed translucent gate.
 24343 | Lair:2   | Noticed Faer's ghost (journeyman DsGl)
 24414 | Lair:2   | Found a runed translucent gate.
 24533 | Lair:2   | Reached XP level 14. HP: 72/72 MP: 32/32
 25047 | Lair:3   | Got the Disquisition on Air and Attacks
 25052 | Lair:3   | Learned a level 3 spell: Stone Arrow
 25148 | Lair:3   | Reached ****** piety under Dithmenos
 25862 | Lair:4   | Found a shimmering blue altar of Sif Muna.
 25898 | Lair:4   | Noticed Nergalle
 25907 | Lair:4   | Reached skill level 10 in Short Blades
 25908 | Lair:4   | Killed Nergalle
 26007 | Lair:4   | Noticed Sonja
 26010 | Lair:4   | Killed Sonja
 26318 | Lair:4   | Found a hide-covered altar of Uskayaw.
 26318 | Lair:4   | Found an ornate altar of the Wu Jian Council.
 26326 | Lair:4   | Reached skill level 15 in Hexes
 26557 | Lair:4   | Reached skill level 18 in Stealth
 27124 | Lair:4   | Found a staircase to the Snake Pit.
 27313 | Lair:4   | You fall into a shaft and drop 1 floor!
 27547 | Lair:5   | Learned a level 7 spell: Enfeeble
 27558 | Lair:4   | Learned a level 8 spell: Discord
 27873 | Lair:5   | Lost mutation: Your flesh is cold resistant. (rC+) [potion
                  | of mutation]
 27873 | Lair:5   | Lost mutation: You sometimes lose the ability to read
                  | scrolls when taking damage. [potion of mutation]
 27873 | Lair:5   | Lost mutation: You expend magic power (3 MP) to strengthen
                  | your wands. [potion of mutation]
 27873 | Lair:5   | Gained mutation: You have a pair of small antennae on your
                  | head. [potion of mutation]
 27873 | Lair:5   | Gained mutation: You have very sharp teeth. [potion of
                  | mutation]
 27873 | Lair:5   | Gained mutation: You expend magic power (3 MP) to
                  | strengthen your wands. [potion of mutation]
 27921 | Lair:5   | Reached XP level 15. HP: 48/77 MP: 28/34
 28817 | Lair:6   | Entered Level 6 of the Lair of Beasts
 29196 | Lair:6   | Found a staircase to the Slime Pits.
 29692 | Lair:6   | Reached skill level 15 in Spellcasting
 30405 | Lair:6   | Found a corrupted altar of Lugonu.
 30405 | Lair:6   | Found a one-way gate to the infinite horrors of the Abyss.
 30978 | Orc:1    | Entered Level 1 of the Orcish Mines
 31460 | Orc:2    | Entered Level 2 of the Orcish Mines
 32162 | Orc:2    | Found Iwah's Antique Weapon Emporium.
 32162 | Orc:2    | Found Newkips's Weapon Emporium.
 32162 | Orc:2    | Found Nese's Armour Shoppe.
 32172 | Orc:2    | Found Miem Heblu's Jewellery Shoppe.
 32307 | Orc:2    | Reached skill level 19 in Stealth
 32405 | Orc:2    | Found a transporter.
 32405 | Orc:2    | Found a transporter.
 32417 | Orc:2    | Found a bloodstained altar of Trog.
 32431 | Orc:2    | Noticed Bapho's ghost (journeyman NaVM)
 32490 | Orc:2    | Found a staircase to the Elven Halls.
 32506 | Orc:2    | Noticed Josephine
 32508 | Orc:2    | Killed Josephine
 33683 | D:15     | Found a staircase to the Depths.
 33922 | Orc:2    | Bought the ring of the Mage {Wiz Archmagi} for 714 gold
                  | pieces
 33922 | Orc:2    | Found the ring of the Mage {Wiz Archmagi}
 34176 | Snake:1  | Entered Level 1 of the Snake Pit
 34202 | Snake:1  | Reached XP level 16. HP: 84/84 MP: 36/36
 34739 | Snake:1  | Noticed Mandevil's ghost (adept KoHu)
 34765 | Snake:1  | Found Viuluuz's Magic Scroll Shop.
 34782 | Snake:1  | Bought a scroll of teleportation for 54 gold pieces
 34782 | Snake:1  | Bought a scroll of teleportation for 54 gold pieces
 34782 | Snake:1  | Bought a scroll of blinking for 135 gold pieces
 34782 | Snake:1  | Bought a scroll of holy word for 135 gold pieces
 34829 | Snake:1  | Found Myamouwe's Book Boutique.
 34831 | Snake:1  | Found Hixen's General Store.
 34841 | Snake:1  | Bought a scroll of enchant weapon for 105 gold pieces
 35009 | Snake:1  | Found a runed translucent door.
 35413 | Snake:1  | Killed Mandevil's ghost
 35493 | Snake:2  | Found a runed translucent gate.
 35493 | Snake:2  | Found a runed translucent gate.
 35493 | Snake:2  | Found a runed translucent gate.
 35597 | Snake:2  | Noticed Qojoc's ghost (adept GnHu)
 35598 | Snake:2  | Noticed Recuihi's ghost (adept MiBe)
 35598 | Snake:2  | Noticed Qeschica's ghost (journeyman FeSu)
 35646 | Snake:2  | Slain by an anaconda

Illustrated notes

Levels and vault maps discovered:
D:1:      dpeg_arrival_rhombus, layout_loops_corners, kennysheep_doodads
D:2:      layout_loops_cross, uniq_terence, uniq_natasha
D:3:      kb_forest_paths, layout_basic, serial_curves, eino_curves_03,
          eino_curves_02, hellmonk_ecumenical_altar_prayer_group, minivault_25
D:4:      layout_rooms, lemuel_doored_altar, marbit_many_paths,
          mainiacjoe_overflow_tiny_flanked, fedhas_altar_3,
          minmay_temple_entry_stoned_glass, portal_sewer_entry_b,
          enter_ossuary_4, uniq_grinder
D:5:      layout_loops_corners, minmay_ruined_shrine
D:6:      minmay_evil_eye, layout_rooms,
          mainiacjoe_overflow_concentric_impassable, trog_book,
          hangedman_glass_teeth, uniq_edmund, uniq_sigmund, uniq_maggie
D:7:      layout_gridville, nicolae_wu_jian_immortal_techniques,
          kiku_gazebo_pond_becter, minivault_24, kennysheep_generic_room_6,
          uniq_menkaure
D:8:      layout_loops_ring, mainiacjoe_overflow_boulevard,
          nicolae_qazlal_style_of_elements, dpeg_oklobed_lair, uniq_grum
D:9:      layout_basic, nicolae_ru_the_path_less_chosen
D:10:     layout_big_octagon, old_standard_altar, nicolae_overflow_hidden_temple
D:11:     layout_roguey, minmay_holes, uniq_urug
D:12:     layout_rooms, erik_orc_4, hangedman_abyss_or_decor_stabs,
          minmay_shop_chei, chequers_serial_rivers_marsh
D:13:     layout_roguey, erik_vaults_1
D:14:     minmay_the_grid_triangle_9x9_recursive_2_mashed
          [minmay_the_grid_triangle_9x9_prize_top_heavy,
          minmay_the_grid_triangle_9x9_skeleton,
          minmay_the_grid_triangle_9x9_fully_insulated_deathbox,
          minmay_the_grid_triangle_9x9_warning], layout_small_grid,
          nrook_mini_vaults, minmay_misc_feat_iff
D:15:     grunt_enter_depths_hoard, layout_cave_pools, gauntlet_entry_generic
Temple:   jpeg_temple_island
Lair:1:   layout_cave_pods, guppyfry_lair_drakes
Lair:2:   layout_hall_layers, nicolae_swamp_entry_splash_gauntlet,
          gammafunk_ghost_split, st_stairs_11
Lair:3:   layout_concentric_octagons, eino_small_chamber_without_monster,
          kennysheep_catoblepas_arena, infiniplex_staircase_pool_2
Lair:4:   layout_roguey [special_room_mythical_zoo],
          guppyfry_snake_entry_garden, basic_altar,
          nzn_masters_of_martial_movement, uniq_nergalle, uniq_sonja
Lair:5:   layout_regular_city
Lair:6:   hellmonk_lair_end_abyssal_woods, layout_long_grid,
          minmay_slime_entry_oklob_enclosed
Snake:1:  layout_chambers, hellmonk_ghost_happy_afterlife, serial_shops,
          shop_fountains, nicolae_snake_yet_another_twisty_hallway,
          minmay_shoptagon, serial_bayou_shore_b
Snake:2:  layout_onion, gammafunk_ghost_cemetery, minmay_shop_grove
Orc:1:    layout_caves
Orc:2:    st_orc_mages, layout_caves, gammafunk_ghost_wrathful_warriors,
          uniq_josephine

Skill      XL: |  1  2  3  4  5  6  7  8  9 10 11 12 13 14 15 16 |
---------------+-------------------------------------------------+-----
Spellcasting   | 3 4 5 6 7 9 10 11 12 13 14 15 | 15.8
Hexes          | 4 5 6 7 9 10 11 12 13 14 15 17 | 17.6
Stealth        | 5 6 8 10 12 13 14 15 17 18 19 | 19.5
Fighting       | 1 3 5 6 7 8 9 |  9.3
Short Blades   | 3 5 6 8 9 10 11 12 | 12.0
Dodging        | 4 6 8 10 11 13 14 | 14.4

Action                   |  1- 3 |  4- 6 |  7- 9 | 10-12 | 13-15 | 16-18 || total
-------------------------+-------+-------+-------+-------+-------+-------++-------
Melee: Dagger            |   103 |   162 |   151 |   407 |   738 |    54 ||  1615
       Kick              |       |    40 |    11 |       |       |       ||    51
       Punch             |       |     1 |     2 |       |       |       ||     3
       Bite              |       |       |       |       |    35 |     5 ||    40
Throw: Dart              |       |       |       |       |       |     1 ||     1
 Cast: Ensorcelled Hiber |    17 |    24 |    62 |   109 |   252 |    14 ||   478
       Tukima's Dance    |     1 |       |    18 |    37 |    28 |       ||    84
       Confusing Touch   |       |     8 |     8 |    22 |    23 |     1 ||    62
       Discord           |       |       |       |       |       |     3 ||     3
Invok: Shadow Step       |       |       |       |     1 |     3 |       ||     4
Evoke: Wand              |       |       |       |       |     5 |       ||     5
  Use: Scroll            |     5 |     6 |     8 |    10 |     6 |     2 ||    37
       Potion            |       |     6 |     8 |     6 |    10 |     2 ||    32
 Stab: Sleeping          |    10 |    15 |    48 |   110 |   271 |    17 ||   471
       Confused          |       |     6 |     5 |    22 |    22 |     2 ||    57
       Distracted        |       |     1 |       |     2 |    11 |       ||    14
       Invisible         |       |       |       |       |     1 |       ||     1
Armor: Robe              |     8 |    14 |    17 |     1 |       |       ||    40
       Steam dragon scal |       |       |       |    43 |    65 |     1 ||   109
Dodge: Dodged            |    74 |    97 |   139 |   400 |   636 |    29 ||  1375
       Repelled          |       |       |       |     2 |    10 |     1 ||    13

Table legend: (Time is in decaauts)
 A = Elapsed time spent in this place.
 B = Non-inter-level travel time spent in this place.
 C = Inter-level travel time spent in this place.
 D = Time resting spent in this place.
 E = Time spent auto-exploring this place.
 F = Levels seen in this place.
 G = Mean time per level.
                   A        B        C        D        E       F      G
               +--------+--------+--------+--------+--------+-----+--------+
         Total |  27106 |  26012 |   1094 |   5266 |  15383 |  31 |  874.4 |
       Dungeon |  16378 |  15639 |    739 |   3809 |   8944 |  15 | 1091.9 |
        Temple |     54 |     30 |     24 |      0 |     18 |   1 |   54.0 |
          Lair |   6015 |   5816 |    199 |    333 |   4347 |   6 | 1002.5 |
     Snake Pit |    939 |    929 |     10 |     73 |    694 |   2 |  469.5 |
  Orcish Mines |   1427 |   1306 |    121 |     46 |    914 |   2 |  713.5 |
         Abyss |   1239 |   1239 |      0 |    544 |    264 |   3 |  413.0 |
       Ossuary |    492 |    492 |      0 |    277 |      0 |   1 |  492.0 |
      Gauntlet |    559 |    559 |      0 |    182 |    199 |   1 |  559.0 |
               +--------+--------+--------+--------+--------+-----+--------+

Top non-repeatable levels by time:
     D:5: 1923 daAuts
    D:14: 1751 daAuts
  Lair:6: 1548 daAuts
    D:13: 1489 daAuts
     D:2: 1407 daAuts
     D:1: 1331 daAuts
  Lair:4: 1321 daAuts
     D:3: 1156 daAuts
     D:8: 1154 daAuts
     D:9: 1117 daAuts
     D:4: 1060 daAuts
     D:6: 1009 daAuts
     D:7: 957 daAuts
  Lair:5: 943 daAuts
   Orc:2: 940 daAuts
